Workbook

Sheet 封面
A4: 云南省省级部门项目支出绩效自评报告
A11: （2018 年度）
B19: 部门名称（公章） | D19: 云南省科学技术厅
B21: 项目单位
B23: 主管部门
B25: 项目名称 | C25: 重大科技专项及重点研发计划-省本级
B27: 自评日期 | C27: 2019年2月－2019年4月

Sheet 附表10项目支出概况
A1: 项目支出概况
A2: 基础信息 | B2: 项目分管处室（单位） | C2: 社发处、高新处、农村处、合作一处、合作二处
B3: 项目分管处室（单位）负责人 | C3: 张伟（大）、李佳、丁鲲、贺葳、毕红 | D3: 联系电话 | E3: 0871－63131068 | F3: 电子邮箱 | G3: 2515264519@qq.com
A4: （一）项目基本情况 | B4: 起始时间 | C4: 2015 | E4: 截止时间 | F4: 2021
B5: 预算安排资金（万元） | E5: 实际到位资金（万元）
B6: 中央财政 | E6: 中央财政
B7: 省级财政 | C7: =F7 -> 36192 | E7: 省级财政 | F7: 36192
B8: 下级配套 | E8: 下级配套
B9: 部门自筹及其他 | E9: 部门自筹及其他
A10: （二）项目支出明细 | B10: 支出内容 | D10: 预算支出数 | F10: 实际支出数
B11: =[1]经费!A3 -> 人员费 | D11: =$D$26*[2]经费!C3 -> 123.35641 | F11: =$F$26*[2]经费!E3 -> 26.809145
B12: =[1]经费!A4 -> 设备费 | D12: =$D$26*[2]经费!C4 -> 5155.1531 | F12: =$F$26*[2]经费!E4 -> 3825.576
B13: =[1]经费!A5 -> 租赁费 | D13: =$D$26*[2]经费!C5 -> 758.96184 | F13: =$F$26*[2]经费!E5 -> 395.71643
B14: =[1]经费!A6 -> 材料费 | D14: =$D$26*[2]经费!C6 -> 10945.737 | F14: =$F$26*[2]经费!E6 -> 7897.1814
B15: =[1]经费!A7 -> 燃料动力费 | D15: =$D$26*[2]经费!C7 -> 646.236 | F15: =$F$26*[2]经费!E7 -> 409.42931
B16: =[1]经费!A8 -> 测试化验加工费 | D16: =$D$26*[2]经费!C8 -> 3772.5483 | F16: =$F$26*[2]经费!E8 -> 2058.5374
B17: =[1]经费!A9 -> 外部协作费 | D17: =$D$26*[2]经费!C9 -> 2182.4921 | F17: =$F$26*[2]经费!E9 -> 2253.4234
B18: =[1]经费!A10 -> 技术引进费 | D18: =$D$26*[2]经费!C10 -> 113.58524 | F18: =$F$26*[2]经费!E10 -> 57.419407
B19: =[1]经费!A11 -> 差旅费/会议费/国际合作交流费 | D19: =$D$26*[2]经费!C11 -> 3199.143 | F19: =$F$26*[2]经费!E11 -> 1612.8847
B20: =[1]经费!A12 -> 劳务费 | D20: =$D$26*[2]经费!C12 -> 3125.4497 | F20: =$F$26*[2]经费!E12 -> 1604.7616
B21: =[1]经费!A13 -> 专家咨询费 | D21: =$D$26*[2]经费!C13 -> 616.37137 | F21: =$F$26*[2]经费!E13 -> 205.9881
B22: =[1]经费!A14 -> 出版/文献/信息传播/知识产权事务费 | D22: =$D$26*[2]经费!C14 -> 1539.4646 | F22: =$F$26*[2]经费!E14 -> 583.83468
... B25: =[1]经费!A17 -> 间接费用 | D25: =$D$26*[2]经费!C17 -> 3230.663 | F25: =$F$26*[2]经费!E17 -> 1582.0406
B26: 合计 | D26: =F7 -> 36192 | E26: =SUM(E11:E25) -> 0 | F26: =D26*[2]经费!$B$22 -> 22980.615 | G26: 10363.407
A27: （三）项目管理 | B27: 1.项目实施主体 | C27: 2018年度本计划共支持二级预算项目（专项）11个（省本级9个），涉及项目420项（省本级235项），下达经费53564万元（省本级36192万元）。其中重大科技专项（生物医药）下达项目46项，科技经费12575万元；重大科技专项（新材料）下达项目25项，科技经费7811万元；重大科技专项（电子信息与新一代信息技术）下达项目2项，科技经费800万元；重大科技专项（农业）下达项目24项，科技经费3159万元；重点研发计划（工业领域）下达项目8项，科技经费1063万元；重点研发计划（农业领域）下达项目38项，科技经费3500万元；重点研发计划（社会发展领域）下达项目20项，科技经费2173万元；国际科技合作项目55项，科技经费3700万元；科技入滇计划下达项目17项，科技经费1422万元。项目承担单位包括云南白药集团股份有限公司、贵研铂业股份有限公司、云南冶金集团股份有限公司、昆明理工大学、云南大学、云南省农业科学研究院等高校、院所及企业。
B28: 2.保障措施 | C28: 科技计划项目的管理机构健全，主体责任明确，人员落实；规范管理，加强对项目资金的监督检查，实行跟踪问效： 一、强化项目预算编制和评估评审。要求项目申报单位应根据项目研究开发任务的特点和实际需要，按照政策相符性、目标相关性和经济合理性的原则，科学、合理、真实地编制项目经费预算；建立健全项目经费预算评估评审的沟通反馈机制，委托中介机构组织咨询专家开展项目经费预算的评估评审，提出预算审核建议，合理安排项目经费。 二、在项目上厅务会审定前，必须由省科技厅创新发展处、资源配置与管理处、省财政厅教科文处进行联合综合审查，提出审查意见，为厅务会审定项目把好关。 三、推进部门绩效管理，通过绩效评价掌握云南省科技厅2018年度省本级4个一级预算项目、44个二级预算项目以及省对下预算项目的整体实施和绩效情况。从项目立项、资金落实、业务管理、财务管理、项目绩效等方面找出项目实施、管理中存在的问题，并提出相应的改进意见和建议。
B29: 3.资金安排程序 | C29: 年初发布年度项目申报指南，明确支持重点和要求，全年受理项目申报；项目通过中介机构组织专家对可行性研究报告进行论证，报请厅长办公会立项审定，报财政厅共同审核下达项目资金。3-4月下达结转项目和入库项目资金，9月以前下达新立项目资金。
B30: 4.资金安排标准或依据 | C30: 一、为规范科技项目和资金管理，印发实施了《云南省科技厅科技计划项目管理办法（试行）》、《云南省科技计划项目资金管理办法（试行）》。 二、为进一步加强专项资金核算管理，形成完整的预算“控制链”，印发了《云南省科技厅财政科技计划（专项、基金等）监督工作暂行规定》（云南省科技厅公告第50号）、《云南省科技厅关于印发云南省财政科技支出绩效评价实施细则（试行）》（云科监发〔2017〕1号）、《云南省科技厅科技项目严重失信行为记录暂行规定》（云南省科技厅公告第51号）、《云南省科技厅关于印发科技监督与绩效评价体系建设工作方案的通知》（云科监发〔2017〕1号）、、《云南省科技厅科技计划项目验收工作规程》（云科监发〔2018〕1号）、《云南省科技厅科技计划项目财务验收工作规程（试行）》（云科监发〔2018〕2号）、《云南省科技厅科技计划项目管理办法》（云科规〔2019〕3号）等管理制度、细则和实施方案。 三、不断完善制度建设，加强资金管理、监督。制定了《云南省科技厅关于进一步规范厅机关公务经费管理的通知》，进一步规范机关公务经费管理。
B31: 5.财务管理 | C31: 项目经费安排使用、预算申报与核批、项目经费执行与评估、决算与问效等都有明确规定。通过制定相关规章制度对项目资金的使用进行规范化管理，明确了财政经费的支出范围；本着专款专用、高效合理的原则安排使用好项目经费，严格执行财经纪律和财务制度，各细化项目单位承担单位根据省级财务规定和要求对项目经费进行专帐管理、专款专用，同时，科技厅还定期和不定期地组织中介机构对项目任务和资金使用情况进行监督检查。进行管理。

Sheet 附表11项目支出绩效自评
A1: 项目支出绩效自评
A2: 一级指标 | B2: 二级指标 | K2: 绩效指标完成情况分析 | M2: 情况说明
B3: 指标类型 | C3: 项目绩效指标名称 | D3: 申报项目确定的预期绩效指标 | K3: 完成率 | L3: 完成质量
D4: 绩效标准 | H4: 指标值（项目绩效目标预计完成情况） | I4: 上年绩效指标完成情况 | J4: 执行完毕绩效指标
D5: 优 | E5: 良 | F5: 中 | G5: 差
A6: 1.项目绩效指标完成分析 | B6: 产出指标 | C6: 新品种（个） | D6: 完成绩效指标的90%以上 | E6: 完成绩效指标的80%以上 | F6: 完成绩效指标的70%以上 | G6: 完成绩效指标的70%以下 | H6: 178 | I6: / | J6: 175 | K6: =J6/H6 -> 0.98314607 | L6: 优 | M6: 2018年下达经费的234个项目中，2018年新立项的项目137项，占71.37%；滚动支持的项目仅占28.63%。而执行期至2018年的项目仅33项，占14%；至2019年的项目79项，占34%；至2020年的项目110项，占47%；至2021年的项目12项，占5%。按目标完成进度与时间进度相匹配的原则，本次评价以完成率45%以上为“优”，40%以上为“良”，35%以上为“中”，35%以下为“差”。
B7: 产出指标 | C7: 新增销售收入（亿元） | D7: 完成绩效指标的90%以上 | E7: 完成绩效指标的80%以上 | F7: 完成绩效指标的70%以上 | G7: 完成绩效指标的70%以下 | H7: 145.05 | I7: 1.2658188 | J7: 52 | K7: =J7/H7 -> 0.35849707 | L7: 中 | O7: 33 | P7: 0.14102564
B8: 产出指标 | C8: 设计专有权（个） | D8: 完成绩效指标的90%以上 | E8: 完成绩效指标的80%以上 | F8: 完成绩效指标的70%以上 | G8: 完成绩效指标的70%以下 | H8: 3 | I8: / | J8: 6 | K8: =J8/H8 -> 2 | L8: 优 | O8: 79 | P8: 0.33760684
B9: 产出指标 | C9: 争取国际科技计划项目数 | D9: 完成绩效指标的90%以上 | E9: 完成绩效指标的80%以上 | F9: 完成绩效指标的70%以上 | G9: 完成绩效指标的70%以下 | H9: 8 | I9: 4.0947977 | J9: 44 | K9: =J9/H9 -> 5.5 | L9: 优 | O9: 110 | P9: 0.47008547
B10: 产出指标 | C10: 研发新产品（项） | D10: 完成绩效指标的90%以上 | E10: 完成绩效指标的80%以上 | F10: 完成绩效指标的70%以上 | G10: 完成绩效指标的70%以下 | H10: 279 | I10: 2.9128278 | J10: 299 | K10: =J10/H10 -> 1.0716846 | L10: 优 | O10: 12 | P10: 0.051282051
B11: 产出指标 | C11: 研发新技术、新工艺（项） | D11: 完成绩效指标的90%以上 | E11: 完成绩效指标的80%以上 | F11: 完成绩效指标的70%以上 | G11: 完成绩效指标的70%以下 | H11: 170 | I11: 2.6645318 | J11: 158 | K11: =J11/H11 -> 0.92941176 | L11: 优
B12: 产出指标 | C12: 专利申请数量（项） | D12: 完成绩效指标的90%以上 | E12: 完成绩效指标的80%以上 | F12: 完成绩效指标的70%以上 | G12: 完成绩效指标的70%以下 | H12: 659 | I12: 1.8134624 | J12: 806 | K12: =J12/H12 -> 1.2230653 | L12: 优
B13: 产出指标 | C13: 新增专利授权（项） | D13: 完成绩效指标的90%以上 | E13: 完成绩效指标的80%以上 | F13: 完成绩效指标的70%以上 | G13: 完成绩效指标的70%以下 | H13: 78 | I13: 5.4889153 | J13: 268 | K13: =J13/H13 -> 3.4358974 | L13: 优
B14: 产出指标 | C14: 获得授权发明专利数量（件） | D14: 完成绩效指标的90%以上 | E14: 完成绩效指标的80%以上 | F14: 完成绩效指标的70%以上 | G14: 完成绩效指标的70%以下 | H14: 38 | I14: 2.1128463 | J14: 85 | K14: =J14/H14 -> 2.2368421 | L14: 优
B15: 产出指标 | C15: 新增软件著作权（项） | D15: 完成绩效指标的90%以上 | E15: 完成绩效指标的80%以上 | F15: 完成绩效指标的70%以上 | G15: 完成绩效指标的70%以下 | H15: 62 | I15: 1.9756767 | J15: 43 | K15: =J15/H15 -> 0.69354839 | L15: 优
B16: 产出指标 | C16: 新增论文（篇） | D16: 完成绩效指标的90%以上 | E16: 完成绩效指标的80%以上 | F16: 完成绩效指标的70%以上 | G16: 完成绩效指标的70%以下 | H16: 1204 | I16: 1.1994601 | J16: 1026 | K16: =J16/H16 -> 0.85215947 | L16: 优
B17: 产出指标 | C17: 技术标准（项） | D17: 完成绩效指标的90%以上 | E17: 完成绩效指标的80%以上 | F17: 完成绩效指标的70%以上 | G17: 完成绩效指标的70%以下 | H17: 365 | I17: 21.456674 | J17: 279 | K17: =J17/H17 -> 0.76438356 | L17: 优
B18: 效益指标 | C18: 培养博士/硕士（人） | D18: 完成绩效指标的90%以上 | E18: 完成绩效指标的80%以上 | F18: 完成绩效指标的70%以上 | G18: 完成绩效指标的70%以下 | H18: 158.41379 | I18: 2.6881802 | J18: 233 | K18: =J18/H18 -> 1.4708315 | L18: 优
B19: 效益指标 | C19: 创新团队数 | D19: 完成绩效指标的90%以上 | E19: 完成绩效指标的80%以上 | F19: 完成绩效指标的70%以上 | G19: 完成绩效指标的70%以下 | H19: 15 | I19: / | J19: 58 | K19: =J19/H19 -> 3.8666667 | L19: 优
B20: 效益指标 | C20: 培训人员（人次） | D20: 完成绩效指标的90%以上 | E20: 完成绩效指标的80%以上 | F20: 完成绩效指标的70%以上 | G20: 完成绩效指标的70%以下 | H20: 22541 | I20: 4.9689603 | J20: 13864 | K20: =J20/H20 -> 0.61505701 | L20: 优
B21: 满意度指标 | C21: 服务对象满意度 | D21: 90%以上 | E21: 80%—90% | F21: 60%—80% | G21: 60%以下 | H21: 0.95 | I21: 1.0458947 | J21: 0.99 | K21: =J21/H21 -> 1.0421053 | L21: 优
A22: 2.项目成本性分析 | B22: 项目是否有节支增效的改进措施 | C22: 有。省科技厅《云南省科技计划项目资金管理办法（试行）》中对经费的开支范围、预算申报与核批、预算执行、监督与检查等都进行了明确，规范了项目经费的管理，优化了科技经费配置，提高科技经费使用效益。
B23: 项目是否有规范的内控机制 | C23: 有。《云南省科技计划项目资金管理办法（试行）》中明确提出“省财政厅、省科技厅应加强对科技计划项目资金申报、下达、使用、绩效管理、信息公开等情况的日常监管，每年选取一定量的项目资金开展监督检查，发现问题及时纠正。必要时聘请第三方中介机构进行专项核查。”。为加强云南省科技计划项目管理工作中的廉政建设，省科技厅决定，从2009年起在省财政资助科技经费200万元（含200万元）以上的科技计划项目中签订廉政合同书。
B24: 项目是否达到标准的质量管理管理水平 | C24: 达到。《云南省科技厅科技计划项目管理办法（试行）》第二章“责任主体与职责”对省科技厅、项目推荐部门、项目承担单位、项目负责人、专业机构五类责任主体的职责进行明确；第三章“申报与立项”中明确了申报条件及筛选程序；第四章“实施与管理”中提出项目承担单位每年需提交执行情况报告，并对变更及终止项目进行了明确；第五章“验收与评价”中明确了验收期限、验收标准；第六章“监督与处置”中明确要求省科技厅分管业务部门负责项目的实施管理工作，进行全过程的跟踪指导服务。从而全面保证项目达到质量管理水平。
A25: 3.项目效率性分析 | B25: 完成的及时性 | C25: 项目跨年度实施，能够及时完成年度工作目标。
B26: 验收的有效性 | C26: 有专职验收中心，能够按《云南省科技厅科技计划项目管理办法（试行）》组织项目验收。并按批次在省科技厅门户网站发布验收计划公告并公示验收结果。
A27: 4.部门绩效目标实现 | B27: 项目绩效是否促进部门绩效目标的实现 | C27: 是。项目绩效的实施，促进了部门绩效目标的实现。通过本计划的实施，有重点的对产业中存在的问题进行针对性的攻关，突破了一批核心关键技术（工艺），获取了大量自主知识产权或技术标准，建成一批大规模的产业化示范生产线（或应用示范工程），对于提升科技进步对全省经济的贡献率，促进部门绩效目标的实现有重要作用。
B28: 项目绩效与规划和宏观政策的适应性 | C28: 坚持开放创新、合作共赢，坚持科技服务于国家外交及我省对外开放的原则，围绕主动服务和融入“一带一路”建设等国家战略及我省创新驱动发展战略和努力建成面向南亚东南亚科技创新中心，利用国际科技资源，推动国际合作，提升我省自主创新能力和国际技术转移能力，推进创新型云南建设。《云南省“十二五”科学和技术发展规划》明确提出“实施重大科技专项，培育和发展战略性新兴产业”，为我省加快转变经济发展方式提供重要支撑。
B29: 项目绩效体现部门职能职责及年度计划情况 | C29: 本专项的实施，以研究报告、咨询报告、论文以及科技创新政策代拟稿等形式，为全省科技决策咨询和管理方面发挥了支撑作用；提高了转制院所为行业提供共性技术服务以及技术开发和产业化转化的能力，并为院所取得较好经济收益。体现了《云南省科技厅2017年工作计划》及《2017年云南省科技计划项目申报指南（云科计发〔2015〕3号）的要求。
A30: 自评结论 | C30: 优秀

Sheet 附表12项目绩效目标管理
A1: 项目绩效目标管理
A2: （一）部门绩效管理组织体系建设情况 | C2: 为进一步加强预算及绩效管理工作，省科技厅成立了由厅长任组长、分管副厅长任副组长，各业务处室处长为成员的省科技厅预算与绩效管理工作领导小组，领导小组办公室设在资配处，具体负责预算与绩效管理相关工作的组织实施。为促进预算绩效管理工作的具体实施，省科技厅还依托省科学技术情报研究院成立了省科技厅绩效评价中心，具体负责省科技计划项目的绩效评价工作。
A3: （二）部门绩效管理推进情况及措施 | C3: 在部门绩效管理推进方面，一是建立了细化到三级指标的含科技计划项目绩效评价共性指标体系以及基础研究等针对科技计划项目特点的九类不同类型的科技计划项目绩效评价指标体系；二是在各科技计划项目的立项申报评审中，实现了项目绩效目标的全覆盖；三是积极组织实施绩效评价工作。 在主要措施方面：省科技厅通过健全制度规范，明确了科技计划项目绩效管理各个阶段的主要抓手，以狠抓工作落实来强有力地推动了预算绩效管理工作。在项目立项阶段，主要通过狠抓项目任务书中相关绩效目标的明确细化量化，使每个项目均在立项阶段均定立了明确可考核的绩效目标；在项目实施阶段，主要通过狠抓项目执行情况报告和项目中期检查，及时发现并解决了阻碍项目实施的主要问题；在项目完成阶段，主要通过狠抓项目验收和绩效评价，并把评价结果作为项目立项的重要依据，确保了项目效益的及时发挥。
A4: （三）未完成的项目绩效目标及其原因分析 | C4: 无
A5: （四）下一步改进工作的意见及建议 | B5: 1.管理经验 | C5: 进一步加强项目执行情况收集反馈，切实促进绩效管理工作。
B6: 2.项目绩效目标修正建议 | C6: 无
B7: 3.需改进的问题及措施 | C7: 无
B8: 4.其他需要说明的情况 | C8: 无
